 Dungeon Crawl Stone Soup version 0.29.1-15-g9cfb28693d (webtiles) character file.

Game seed: 11639620139428688737

0 javelincjr the Trooper (level 1, -2/18 HPs)
             Began as a Demonspawn Abyssal Knight on Mar 24, 2023.
             Was a Believer of Lugonu.
             Slain by a gnoll
             ... wielding a +0 whip
              (6 damage)
             ... on level 1 of the Dungeon.
             The game lasted 00:01:11 (116 turns).

javelincjr the Trooper (Demonspawn Abyssal Knight)   Turns: 116, Time: 00:01:12

Health: -2/18      AC:  3    Str: 13    XL:     1   Next: 8%
Magic:  2/2        EV: 11    Int: 11    God:    Lugonu [**....]
Gold:   0          SH:  0    Dex: 13    Spells: 0/0 levels left

rFire   . . .      SeeInvis .   a - +1 hand axe
rCold   . . .      Faith    .   (no shield)
rNeg    . . .      Spirit   .   b - +0 leather armour
rPois   .          Reflect  .   (no helmet)
rElec   .          Harm     .   (no cloak)
rCorr   .          Rampage  .   (no gloves)
Will    .....                   (no boots)
Stlth   +.........              (no amulet)
HPRegen 0.06/turn               (no ring)
MPRegen 0.08/turn               (no ring)

@: no status effects
A: no striking features
a: Renounce Religion, Depart the Abyss, Bend Space


You were on level 1 of the Dungeon.
You worshipped Lugonu.
Lugonu was pleased with you.
You visited 1 branch of the dungeon, and saw 1 of its levels.
You visited the Abyss 1 time.

Inventory:

Hand Weapons
 a - a +1 hand axe (weapon)
Armour
 b - a +0 leather armour (worn)


   Skills:
 + Level 3.0 Fighting
 + Level 1.7 Axes
 + Level 1.7 Armour
 + Level 0.8 Dodging
 + Level 2.4 Invocations


You couldn't memorise any spells.
You didn't know any spells.
Your spell library was empty.

Dungeon Overview and Level Annotations

Branches:
Dungeon (1/15)

Altars:

Shops:
D:1 (*


Message History

A ynoxinul comes into view.
The ynoxinul bellows!
You don't know any spells.
Really renounce your faith, foregoing its fabulous benefits?
Okay, then.
You pass through the gate.
Found a short sword.
Found a stone staircase leading down.
There is a staircase leading out of the dungeon here.
Magic restored.
You see here a +0 short sword.
Found 9 stones.
Found Nievivaj's Weapon Emporium.
There is a fountain of clear blue water here.
There is an entrance to Nievivaj's Weapon Emporium here.
There is a fountain of clear blue water here.
A bat comes into view.
Found Fomital's Assorted Antiques.
A gnoll comes into view. It is wielding a +0 whip.
The gnoll shouts!
The bat barely misses you.
You hit the bat.
You kill the bat!
Lugonu accepts your kill.
You hit the gnoll but do no damage. The gnoll closely misses you.
You hit the gnoll.
The gnoll is lightly wounded.
The gnoll closely misses you.
You hit the gnoll.
The gnoll is moderately wounded.
The gnoll hits you with a +0 whip.
You hit the gnoll.
The gnoll is heavily wounded.
The gnoll hits you with a +0 whip. x2
* * * LOW HITPOINT WARNING * * *
You are too injured to fight recklessly!
You are too injured to fight recklessly!
You barely miss the gnoll.
The gnoll is heavily wounded.
The gnoll hits you with a +0 whip.
You die...

..(.
###.##....... ###
#........####.
#....⌠.⌠......
#.....∩..####
#.....⌠.⌠.#
#.........#
#.........#####.#
#...............#
##.......@#######
.........g...#
#####........#
#........#
#....∩.....
#...........
###.####....# #.
....#


You could see a gnoll.

Vanquished Creatures
  A bat (D:1)
1 creature vanquished.

Notes
Turn   | Place    | Note
-------+----------+-------------------------------------------
     0 | Abyss:1  | javelincjr the Demonspawn Abyssal Knight began the quest
                  | for the Orb.
     0 | Abyss:1  | Reached XP level 1. HP: 18/18 MP: 2/2
    32 | Abyss:1  | Found a corrupted altar of Lugonu.
    47 | Abyss:2  | Noticed a large abomination
    60 | Abyss:2  | Noticed a ynoxinul
    61 | D:1      | Escaped the Abyss
   100 | D:1      | Found Nievivaj's Weapon Emporium.
   107 | D:1      | Found Fomital's Assorted Antiques.
   116 | D:1      | Slain by a gnoll

Illustrated notes

Levels and vault maps discovered:
D:1:      dpeg_arrival_pits, layout_basic, serial_shops, shop_fountains, shop,
          nicolae_shop_bloodbath_and_beyond, shop,
          nicolae_shop_advertising_works [nicolae_subvault_shop_adworks]

Action                   || total
-------------------------++-------
Melee: Hand axe          ||     6
Invok: Depart the Abyss  ||     1
Dodge: Dodged            ||     3
